 Dungeon Crawl Stone Soup version 0.32-a0-572-g3e1049bc92 (webtiles) character file.

Game seed: 12100303041508502124

457704 Gargoyl the Slayer (level 24, -2/258 (261) HPs)
             Began as a Gargoyle Berserker on Feb 28, 2024.
             Was a High Priest of Trog.
             Engulfed by Boris's excruciating misery (8 damage)
             ... on level 2 of the Tomb of the Ancients on Mar 1, 2024.
             The game lasted 01:21:30 (47008 turns).

Gargoyl the Slayer (Gargoyle Berserker)            Turns: 47008, Time: 01:21:31

HP:   -2/258 (261)  AC: 54    Str: 30    XL:     24   Next: 10%
MP:   0/7           EV: 17    Int:  8    God:    Trog [*****.]
Gold: 3664          SH: 19    Dex: 18    Spells: 23/23 levels left

rFire   + + +        D - +6 broad axe (antimagic)
rCold   + + .        s - +2 shield of Resistance {rF++ rC++ Will++}
rNeg    + . .        B - +5 plate armour of Nept {rF+}
rPois   ∞            P - +1 helmet {SInv}
rElec   +            g - +1 cloak
rCorr   .            t - +0 pair of gloves
SInv    +            c - +2 pair of boots
Will    +++..        v - amulet of Unuasyloe {Spirit Regen+ Int-3 Dex+3} Stlth
                     E - +5 ring of evasion
HPRegen 1.43/turn    j - +6 ring of strength
MPRegen 0.10/turn

%: clarity, guardian spirit
@: berserking, flying, lightly drained, very quick
A: sickness immunity, AC +18, big wings, negative energy resistance 1,
electricity resistance, torment resistance 1, petrification resistance,
iridescent scales 1, clarity, inability to drink after injury 1
}: 3/15 runes: decaying, serpentine, silver
a: Renounce Religion, Berserk, Trog's Hand, Brothers in Arms


You were on level 2 of the Tomb of the Ancients.
You worshipped Trog.
Trog was extremely pleased with you.
You visited 7 branches of the dungeon, and saw 38 of its levels.
You visited 1 bazaar.

You collected 5562 gold pieces.
You spent 1898 gold pieces at shops.

Inventory:

Hand Weapons
 l - a +6 broad axe of venom
 p - a +1 short sword of flaming
 D - a +6 antimagic broad axe (weapon)
 M - a +2 hand axe of holy wrath
Missiles
 x - 33 poisoned darts (quivered)
 L - 3 throwing nets
Armour
 c - a +2 pair of boots (worn)
 g - a +1 cloak (worn)
 s - the +2 shield of Resistance (worn) {rF++ rC++ Will++}
   (You found it on level 1 of the Snake Pit)

   rF++:      It greatly protects you from fire.
   rC++:      It greatly protects you from cold.
   Will++:    It greatly increases your willpower.
 t - a +0 pair of gloves (worn)
 B - the +5 plate armour of Nept (worn) {rF+}
   (You bought it in a shop on level 3 of the Snake Pit)

   rF+:       It protects you from fire.
 P - a +1 helmet of see invisible (worn)
Jewellery
 d - a +4 ring of protection
 j - a +6 ring of strength (right hand)
 q - a ring of protection from fire
 v - the amulet of Unuasyloe (around neck) {Spirit Regen+ Int-3 Dex+3}
   (You bought it in a shop in a bazaar)

   [amulet of guardian spirit]

   Spirit:    It causes incoming damage to be divided between your reserves of
   health and magic.
   Int-3:     It affects your intelligence (-3).
   Dex+3:     It affects your dexterity (+3).
   Regen+:    It increases your rate of health regeneration.
 E - a +5 ring of evasion (left hand)
 G - a ring of protection from fire
 K - the amulet of the Sun {Faith rC- rN+ rCorr}
   (You found it on level 5 of the Vaults)

   [amulet of faith]

   Faith:     It allows you to gain divine favour quickly.
   rC-:       It makes you vulnerable to cold.
   rN+:       It protects you from negative energy.
   rCorr:     It protects you from acid and corrosion.
 N - a +6 ring of intelligence
 O - an amulet of reflection
Wands
 a - a wand of quicksilver (10)
 b - a wand of iceblast (33)
 u - a wand of flame (54)
 y - a wand of charming (41)
 F - a wand of digging (29)
 H - a wand of mindburst (21)
 W - a wand of polymorph (5)
Scrolls
 e - 23 scrolls of teleportation
 f - 6 scrolls of fog
 m - 19 scrolls of identify
 o - 6 scrolls of blinking
 r - 3 scrolls of vulnerability
 w - 11 scrolls of fear
 A - 7 scrolls of revelation
 T - 2 scrolls of silence
 V - a scroll of poison
 Y - 3 scrolls of immolation
Potions
 h - 4 potions of lignification
 i - 3 potions of ambrosia
 k - 20 potions of curing
 n - 2 potions of haste
 z - 5 potions of resistance
 C - 7 potions of invisibility
 I - 13 potions of heal wounds
 J - 4 potions of might
 Q - 2 potions of berserk rage
 R - a potion of magic
 S - 3 potions of cancellation
 U - 6 potions of attraction
 Z - a potion of enlightenment


   Skills:
 + Level 24.4 Fighting
 + Level 2.8 Short Blades
 * Level 22.6 Axes
 + Level 0.2 Throwing
 + Level 17.0 Armour
 + Level 7.4 Dodging
 + Level 3.7 Stealth
 + Level 23.9 Shields


You had 23 spell levels left.
You didn't know any spells.
Your spell library was empty.

Dungeon Overview and Level Annotations

Branches:
Dungeon (15/15)            Temple (0/1) D:6            Lair (5/5) D:8
  Swamp (4/4) Lair:2        Snake (4/4) Lair:2        Slime (0/5) Lair:4
    Orc (0/2) D:9          Vaults (5/5) D:14          Crypt (3/3) Vaults:3
   Tomb (2/3) Crypt:3      Depths (0/4) D:15

Altars:
Dithmenos
Fedhas
Gozag
Hepliaklqana
Kikubaaqudgha
Nemelex Xobeh
Okawaru
Ru
Sif Muna
Trog
Wu Jian
Yredelemnul

Shops:
D:3 [   D:8 [   D:9 (   D:10 ?   Snake:1 =:=   Snake:3 ![?*?*(   Vaults:2 =
Vaults:5 ?

Annotations:
Lair:4 1 runed translucent door
Tomb:2 Boris


Innate Abilities, Weirdness & Mutations

You are immune to sickness and miasma.
Your stone body is resilient. (AC +18)
You are immune to poison.
Your large and strong wings let you fly.
You resist negative energy. (rN+)
You are resistant to electric shocks. (rElec)
You are resistant to unholy torment.
You are immune to petrification.
You are partially covered in iridescent scales. (AC +2)
You possess an exceptional clarity of mind.
You occasionally lose the ability to drink potions when taking damage.


Message History

Boris launches a ball of destructive magic.
You block the orb of destruction.
You carve the royal mummy like a ham!!!
The royal mummy's magic leaks into the air.
The royal mummy is heavily damaged.
You hit Boris.
Boris's magic leaks into the air.
You are engulfed in excruciating misery.
* * * LOW HITPOINT WARNING * * *
You hear a shout!
Unknown command.
You are too berserk!
You are too berserk!
You hit the royal mummy.
The royal mummy's magic leaks into the air.
The royal mummy is heavily damaged.
You hit Boris but do no damage.
You are engulfed in excruciating misery.
* * * LOW HITPOINT WARNING * * *
You block the skeletal warrior's attack.
You block the royal mummy's attack. Boris hits you but does no damage.
Boris closely misses you.
Unknown command.
You chop the royal mummy into pieces!!!
The royal mummy's magic leaks into the air.
The royal mummy is severely damaged.
You hit Boris but do no damage.
You are engulfed in excruciating misery.
* * * LOW HITPOINT WARNING * * *
The ushabti shakes and rattles deafeningly!
Unknown command.
You cut the royal mummy into ribbons!!!
You destroy the royal mummy!
Trog accepts your kill.
Trog appreciates your killing of a magic user.
You hit Boris but do no damage.
You feel extremely nervous for a moment...
You feel a surge of unholy energy.
You are engulfed in excruciating misery.
You die...
Boris says, "I'll treasure this one."

.........^.....
................
................
.......9........
.......M........
.#......)....#..
......z.........
.^?..........^M.
......○L@.○○☼...
.#.....(.....#..
................
................
................
.........$......
............^..?
...............


You could see Boris (magic disrupted), a skeletal warrior, a guardian mummy, an
ushabti and a mummy.

Vanquished Creatures
  2 dread liches (Vaults:5)
  An ancient lich (Vaults:5)
  7 royal mummies
  Boris (Crypt:1)
  Margery (Vaults:5)
  Jorgrun (D:14)
  2 tentacled monstrosities
  The ghost of Amplified the Bringer of Law, an adept MDMo of Zin (Swamp:4)
  4 titans
  2 liches
  Gastronok (Lair:3)
  8 sphinxes
  4 ancient champions
  Aizul (Swamp:4)
  4 shadow dragons
  2 thorn hunters (Swamp:4)
  3 revenants
  7 nagarajas
  6 tengu reavers
  2 storm dragons (Vaults:4)
  2 fenstrider witches (Swamp:2)
  24 vault wardens
  A fire giant (Vaults:5)
  2 frost giants (Vaults:4)
  Louise (D:14)
  5 ghouls
  A caustic shrike zombie (Crypt:1)
  A juggernaut zombie (Crypt:3)
  A spriggan defender (Swamp:4)
  3 orc warlords
  A very ugly thing (Vaults:5)
  15 ironbound preservers
  16 ironbound thunderhulks
  A formless jellyfish (Vaults:1)
  8 stone giants
  5 deep elf death magi
  15 vampire knights
  3 bunyips
  6 eleionomae
  12 dire elephants
  The ghost of makewrite the Fighter, a journeyman DrBe of Trog (D:10)
  2 war gargoyles
  4 eidola
  8 mummy priests
  8 ettins
  5 jiangshi
  3 entropy weavers
  10 yaktaur captains
  2 spriggan zombies (Crypt:2)
  A deep elf high priest (Vaults:5)
  Fannar (Lair:3)
  4 great orbs of eyes
  2 catoblepae
  3 peacekeepers (Vaults:4)
  19 hydras
  An ice dragon (Swamp:4)
  7 ironbound frosthearts
  3 ogre magi
  A spriggan air mage (Swamp:4)
  27 vault guards
  7 centaur warriors
  A ghost crab (Swamp:2)
  A spriggan skeleton (Crypt:2)
  A salamander tyrant (Snake:4)
  7 alligators
  A fenstrider witch zombie (Crypt:3)
  6 boulder beetles
  7 two-headed ogres
  2 dancing weapons (Crypt:3)
  2 tengu warriors (D:15)
  22 anacondas
  24 death scarabs (Tomb:1)
  A spriggan berserker (Swamp:4)
  7 vampire magi
  14 death yaks
  8 shock serpents
  2 hell knights (Vaults:5)
  Urug (D:12)
  18 naga warriors
  12 naga sharpshooters
  A titan zombie (Crypt:1)
  Nergalle (Lair:3)
  An emperor scorpion zombie (Crypt:3)
  7 salamander mystics
  4 skysharks
  A titan skeleton (Tomb:1)
  4 flayed ghosts (Crypt:2)
  38 deep trolls
  42 skeletal warriors
  3 goliath frogs
  6 bog bodies
  3 spriggan druids
  A sun moth (shapeshifter) (Vaults:5)
  19 mana vipers
  2 anaconda zombies
  6 arcanists
  The ghost of Essalna the Destroyer, a novice GrFE (D:8)
  2 glowing orange brains
  A lindwurm (shapeshifter) (Vaults:2)
  12 swamp dragons
  26 phantasmal warriors
  2 tengu zombies
  6 necromancers
  11 naga ritualists
  8 lindwurms
  A steelbarb worm (shapeshifter) (Vaults:5)
  A harpy (Vaults:3)
  19 ironbound convokers
  Pikel (D:9)
  An iron giant skeleton (Crypt:2)
  A deep elf pyromancer (D:14)
  3 orc knights (Vaults:4)
  A wolf spider zombie (Crypt:1)
  A stone giant zombie (Crypt:2)
  An iron dragon zombie (Crypt:3)
  6 manticores
  5 will-o-the-wisps
  A frost giant zombie (Crypt:1)
  A goliath frog skeleton (Crypt:1)
  27 salamanders
  3 human zombies
  4 cyclopes
  An elephant (shapeshifter) (Vaults:4)
  27 ugly things
  A moth of wrath (Swamp:4)
  A stone giant skeleton (Vaults:1)
  5 elephants (Lair:3)
  14 vault sentinels
  35 black mambas
  2 torpor snails (Lair:5)
  A dire elephant zombie (Crypt:3)
  9 guardian serpents
  13 cane toads
  A cane toad (shapeshifter) (D:9)
  A naga skeleton (Tomb:1)
  16 naga magi
  2 gargoyles
  2 kobold demonologists (D:11)
  3 unseen horrors (D:11)
  A green draconian zombie (Crypt:2)
  9 komodo dragons
  A dire elephant skeleton (Crypt:2)
  6 rime drakes
  30 yaktaurs
  A redback zombie (Crypt:3)
  2 tengu conjurers
  3 freezing wraiths
  Psyche (D:8)
  18 guardian mummies
  A yaktaur skeleton (Vaults:1)
  8 polar bears
  A purple draconian zombie (Crypt:2)
  A harpy zombie (Crypt:3)
  A bloated husk (Swamp:2)
  A tyrant leech (Swamp:2)
  5 trolls
  10 hornets
  A death drake skeleton (Crypt:2)
  3 dream sheep (Lair:5)
  A harpy skeleton (Tomb:2)
  3 blink frogs (Lair:3)
  Prince Ribbit (Lair:3)
  25 slime creatures
  A spriggan (shapeshifter) (D:14)
  4 centaur simulacra
  3 vampires
  A culicivora (shapeshifter) (D:14)
  4 ushabtiu
  22 spriggans
  3 shadows
  4 wyverns
  A black mamba zombie (Crypt:3)
  A black mamba skeleton (Crypt:2)
  A hog (shapeshifter) (D:9)
  23 yaks
  11 wraiths
  A warg (D:8)
  2 steam dragons
  2 basilisks (Lair:1)
  An elf skeleton (Vaults:1)
  4 redbacks
  47 nagas
  18 vampire mosquitoes
  Edmund (D:6)
  21 swamp worms
  33 water moccasins
  3 acid dragons
  4 black bears
  A demonspawn skeleton (Crypt:2)
  8 orc warriors
  6 swamp drakes
  7 ogres
  3 ice beasts
  A sky beast (D:8)
  16 laughing skulls
  A hog zombie (Crypt:3)
  4 boggarts (Lair:5)
  12 centaurs
  37 wolves
  3 kobold brigands
  12 bullfrogs
  3 draconian zombies
  2 scorpions
  5 human skeletons
  18 wights
  A hornet simulacrum (D:9)
  A human simulacrum (Vaults:1)
  11 killer bees
  3 electric eels
  16 howler monkeys
  3 jellies
  A wolf zombie (Crypt:1)
  A sleepcap (D:4)
  8 orc priests
  4 hounds
  2 gnoll boudas
  3 iguanas
  19 orc wizards
  An ogre skeleton (Crypt:2)
  17 mummies
  A howler monkey skeleton (Crypt:2)
  22 gnolls
  25 adders
  4 white imps
  4 ufetubi (D:5)
  5 dart slugs
  A ribbon worm (D:3)
  44 orcs
  12 ball pythons
  4 bats
  8 endoplasms
  3 giant cockroaches
  6 goblins
  6 hobgoblins
  21 jackals
  3 quokkas
  A bombardier beetle zombie (Crypt:3)
  An endoplasm zombie (Crypt:2)
  6 frilled lizards
  A goblin zombie (Crypt:3)
  26 kobolds
  4 rats
  A spectral hobgoblin (D:10)
1647 creatures vanquished.

Vanquished Creatures (collateral kills)
  A golden dragon (Vaults:5)
  A hellephant (Vaults:5)
  Rupert (Lair:3)
  A tentacled monstrosity (Vaults:5)
  A shadow dragon (Vaults:5)
  An iron dragon (Vaults:5)
  A war gargoyle (Vaults:5)
  An ettin (Vaults:5)
  2 mummy priests (Tomb:1)
  2 vault guards (Vaults:5)
  A dancing weapon (Vaults:5)
  A hell knight (Vaults:5)
  A naga warrior (Snake:4)
  A skeletal warrior (Tomb:2)
  2 vault sentinels (Vaults:5)
  2 ushabtiu (Tomb:2)
  A water moccasin (Lair:3)
  A hound (D:6)
  An orc priest (D:6)
  A mummy (Tomb:2)
  An orc (D:6)
25 creatures vanquished.

Vanquished Creatures (others)
  A goliath frog (Swamp:2)
  A guardian serpent (Snake:4)
  4 bloated husks
  A hornet (Swamp:3)
  A spriggan (Swamp:3)
  A swamp worm (Swamp:3)
  2 nagas (Snake:2)
  2 water moccasins (Lair:2)
  A swamp drake (Swamp:4)
  A howler monkey (D:7)
  An orc (D:4)
  42 foxfires
58 creatures vanquished.

Grand Total: 1730 creatures vanquished

Notes
Turn   | Place    | Note
-------+----------+-------------------------------------------
     0 | D:1      | Gargoyl the Gargoyle Berserker began the quest for the Orb.
     0 | D:1      | Reached XP level 1. HP: 14/14 MP: 1/1
   129 | D:1      | Reached XP level 2. HP: 9/19 MP: 2/2
   290 | D:1      | Reached XP level 3. HP: 24/24 MP: 3/3
   646 | D:1      | Reached ** piety under Trog
   681 | D:1      | Found a faded altar of an unknown god.
  1096 | D:2      | Reached XP level 4. HP: 29/29 MP: 4/4
  1543 | D:2      | Reached skill level 4 in Fighting
  1911 | D:3      | Found Woppapot's Armour Emporium.
  2817 | D:3      | Gained mutation: You have a pair of small horns on your
                  | head. [potion of mutation]
  2862 | D:4      | Reached XP level 5. HP: 33/33 MP: 5/5
  2870 | D:4      | Found a blossoming altar of Fedhas.
  3024 | D:4      | Reached *** piety under Trog
  3025 | D:4      | Reached skill level 1 in Shields
  3025 | D:4      | Reached XP level 6. HP: 39/39 MP: 6/6
  3218 | D:4      | Reached skill level 5 in Axes
  3218 | D:4      | Reached XP level 7. HP: 28/44 MP: 4/7
  3282 | D:4      | Reached **** piety under Trog
  3762 | D:4      | Reached skill level 5 in Fighting
  3907 | D:5      | Entered Level 5 of the Dungeon
  3931 | D:5      | Reached XP level 8. HP: 49/49 MP: 8/8
  4059 | D:5      | Reached skill level 5 in Armour
  4059 | D:5      | Reached skill level 1 in Stealth
  4885 | D:6      | Found a staircase to the Ecumenical Temple.
  5002 | D:6      | Reached skill level 5 in Shields
  5002 | D:6      | Reached XP level 9. HP: 55/55 MP: 9/9
  5115 | D:6      | Noticed Edmund
  5123 | D:6      | Killed Edmund
  5453 | D:6      | Found an ornate altar of the Wu Jian Council.
  5599 | D:6      | Reached skill level 6 in Fighting
  5992 | D:7      | Found a sacrificial altar of Ru.
  6015 | D:7      | Found an iron altar of Okawaru.
  6204 | D:7      | Found a shimmering blue altar of Sif Muna.
  6721 | D:7      | Reached skill level 7 in Fighting
  6824 | D:7      | Reached XP level 10. HP: 63/63 MP: 10/10
  7181 | D:8      | Noticed Psyche
  7194 | D:8      | Killed Psyche
  7228 | D:8      | Found a sparkling altar of Nemelex Xobeh.
  7335 | D:8      | Found an opulent altar of Gozag.
  7404 | D:8      | Lost mutation: You have a pair of small horns on your head.
                  | [potion of mutation]
  7404 | D:8      | Gained mutation: You occasionally lose the ability to drink
                  | potions when taking damage. [potion of mutation]
  7404 | D:8      | Gained mutation: You are partially covered in iridescent
                  | scales. (AC +2) [potion of mutation]
  7404 | D:8      | Gained mutation: You possess an exceptional clarity of
                  | mind. [potion of mutation]
  7486 | D:8      | Found a staircase to the Lair.
  7584 | D:8      | Found Teoqic's Armour Emporium.
  7592 | D:8      | Bought a +0 helmet of see invisible for 149 gold pieces
  7733 | D:8      | Reached skill level 8 in Fighting
  7795 | D:8      | Found a runed translucent gate.
  7795 | D:8      | Noticed a nine-headed hydra
  7796 | D:8      | Noticed Essalna's ghost (novice GrFE)
  7798 | D:8      | Found a runed translucent gate.
  7798 | D:8      | Found a runed translucent gate.
  7902 | D:8      | Killed a nine-headed hydra
  8053 | D:8      | Killed Essalna's ghost
  8141 | Lair:1   | Entered Level 1 of the Lair of Beasts
  8376 | Lair:1   | Noticed a cane toad
  8392 | Lair:1   | Killed a cane toad
  8393 | Lair:1   | Reached skill level 9 in Fighting
  8423 | Lair:1   | Noticed a catoblepas
  8444 | Lair:1   | Reached skill level 1 in Short Blades
  8444 | Lair:1   | Reached XP level 11. HP: 71/71 MP: 8/11
  8446 | Lair:1   | Killed a catoblepas
  8657 | Lair:1   | Reached skill level 10 in Axes
  9220 | Lair:2   | Identified a scroll of acquirement
  9220 | Lair:2   | Acquired a +3 broad axe of distortion
  9286 | Lair:2   | Found a staircase to the Snake Pit.
  9286 | Lair:2   | Noticed a catoblepas
  9293 | Lair:2   | Banished a catoblepas
  9294 | Lair:2   | Reached skill level 10 in Fighting
  9429 | Lair:2   | Noticed an alligator
  9440 | Lair:2   | Killed an alligator
  9554 | Lair:2   | Found a staircase to the Swamp.
  9662 | Lair:2   | Reached XP level 12. HP: 47/79 MP: 6/12
  9976 | Lair:2   | Noticed a death yak
  9981 | Lair:2   | Noticed a death yak
  9982 | Lair:2   | Noticed a death yak
 10224 | Lair:1   | Reached skill level 11 in Fighting
 10251 | Lair:2   | Killed a death yak
 10251 | Lair:2   | Killed a death yak
 10252 | Lair:2   | Reached skill level 10 in Armour
 10252 | Lair:2   | Killed a death yak
 10500 | Lair:2   | Noticed a boulder beetle
 10539 | Lair:2   | Killed a boulder beetle
 11249 | Lair:3   | Noticed a skyshark
 11268 | Lair:3   | Reached skill level 5 in Dodging
 11270 | Lair:3   | Killed a skyshark
 11271 | Lair:3   | Reached skill level 10 in Shields
 11273 | Lair:3   | Reached skill level 12 in Fighting
 11335 | Lair:3   | Noticed a boulder beetle
 11338 | Lair:3   | Noticed a five-headed hydra
 11341 | Lair:3   | Reached XP level 13. HP: 80/86 MP: 8/13
 11362 | Lair:3   | Noticed Fannar
 11369 | Lair:3   | Noticed Nergalle
 11369 | Lair:3   | Noticed Rupert
 11538 | Lair:3   | Reached ***** piety under Trog
 11600 | Lair:3   | Noticed Prince Ribbit
 11778 | Lair:3   | Killed Prince Ribbit
 11859 | Lair:3   | Noticed Gastronok
 12342 | Lair:3   | Killed Nergalle
 12343 | Lair:3   | Reached skill level 13 in Fighting
 12605 | Lair:3   | Paralysed by Rupert for 2 turns
 12611 | Lair:3   | Killed Rupert
 13035 | Lair:3   | Killed Fannar
 13112 | Lair:3   | Killed Gastronok
 13339 | Lair:4   | Identified the +2 long sword "Sips" {protect, *Slow rPois
                  | Str+2 SInv}
 13494 | Lair:4   | Found a runed translucent door.
 13499 | Lair:4   | Noticed an azure jelly
 13500 | Lair:4   | Found a staircase to the Slime Pits.
 13500 | Lair:4   | Noticed an azure jelly
 13620 | Lair:4   | Identified the serpent talisman of Rofuisoe {rElec Str+4
                  | Int-4}
 14303 | Lair:5   | Entered Level 5 of the Lair of Beasts
 14478 | Lair:5   | Gained mutation: Your large and strong wings let you fly.
                  | [Gargoyle growth]
 14478 | Lair:5   | Reached XP level 14. HP: 84/95 MP: 12/14
 14593 | Lair:5   | Found a shadowy altar of Dithmenos.
 14804 | Lair:5   | Reached skill level 14 in Fighting
 15786 | Lair:5   | Reached skill level 15 in Axes
 16516 | D:9      | Found Pahy Nen's Antique Weapon Shoppe.
 16526 | D:9      | Received a gift from Trog
 16547 | D:9      | Noticed Pikel
 16563 | D:9      | Killed Pikel
 16601 | D:9      | Reached skill level 15 in Fighting
 16850 | D:9      | Identified the +4 dire flail "Oclosso" {heavy, rF- rN+++
                  | MP-9 Int+2}
 17591 | D:9      | Reached XP level 15. HP: 83/103 MP: 15/15
 17754 | D:9      | Found a staircase to the Orcish Mines.
 17989 | D:10     | Entered Level 10 of the Dungeon
 18021 | D:10     | Noticed makewrite's ghost (journeyman DrBe)
 18047 | D:10     | Found a runed translucent gate.
 18047 | D:10     | Found a runed translucent gate.
 18047 | D:10     | Found a runed translucent gate.
 18166 | D:10     | Found Vaufrut's Magic Scroll Boutique.
 18201 | D:10     | Bought a scroll of teleportation for 39 gold pieces
 18201 | D:10     | Bought a scroll of fear for 52 gold pieces
 18393 | D:10     | Found a hazy altar of Hepliaklqana.
 18869 | D:10     | Killed makewrite's ghost
 19391 | D:11     | Identified the +6 arbalest of the Empty Page {penet, Str+4}
 19437 | D:11     | Reached skill level 16 in Fighting
 20172 | D:12     | Noticed Urug
 20181 | D:12     | Killed Urug
 21215 | D:13     | Received a gift from Trog
 21672 | D:14     | Noticed Louise
 21693 | D:14     | Killed Louise
 21832 | D:14     | Noticed Jorgrun
 21849 | D:14     | Killed Jorgrun
 22288 | D:14     | Found a gate to the Vaults.
 22438 | D:15     | Entered Level 15 of the Dungeon
 22454 | D:15     | Reached XP level 16. HP: 112/112 MP: 10/16
 22517 | D:15     | Found a staircase to the Depths.
 22834 | D:15     | Identified the +2 morningstar of Earthquakes {flame, rF+
                  | rC+}
 23267 | D:15     | Paralysed by an ogre mage for 5 turns
 23276 | D:15     | Reached skill level 17 in Fighting
 23727 | Snake:1  | Entered Level 1 of the Snake Pit
 23918 | Snake:1  | Found Defov's Jewellery Boutique.
 23918 | Snake:1  | Found Kugamun's Book Emporium.
 23919 | Snake:1  | Found Olealat's Jewellery Boutique.
 24049 | Snake:1  | Reached ****** piety under Trog
 24084 | Snake:1  | Found the +2 shield of Resistance {rF++ rC++ Will++}
 24335 | Snake:1  | Received a gift from Trog
 24884 | Snake:2  | Noticed a nagaraja
 24893 | Snake:2  | Killed a nagaraja
 26776 | Snake:3  | Reached XP level 17. HP: 116/118 MP: 17/17
 26878 | Snake:3  | Found Aqeedarch's Distillery.
 26881 | Snake:3  | Found Hutic's Antique Armour Boutique.
 26886 | Snake:3  | Found Fiusm's Magic Scroll Shop.
 26892 | Snake:3  | Bought a warped plate armour for 560 gold pieces
 26892 | Snake:3  | Identified the +5 plate armour of Nept {rF+} (You bought it
                  | in a shop on level 3 of the Snake Pit)
 26894 | Snake:3  | Bought a scroll of blinking for 142 gold pieces
 26894 | Snake:3  | Bought a scroll of fear for 76 gold pieces
 26894 | Snake:3  | Bought a scroll of fear for 76 gold pieces
 26903 | Snake:3  | Found Assojat's General Store.
 26933 | Snake:3  | Reached skill level 15 in Shields
 27090 | Snake:3  | Found Ucryrph's General Store.
 27528 | Snake:3  | Found Rafia's Antique Weapon Boutique.
 27818 | Snake:3  | Reached skill level 18 in Fighting
 27820 | Snake:3  | Identified the +1 executioner's axe of Mourning {flame, rF+
                  | SInv} (Trog gifted it to you on level 3 of the Snake Pit)
 27820 | Snake:3  | Received a gift from Trog
 28142 | Snake:3  | Found Qiath's Magic Scroll Shoppe.
 28145 | Snake:3  | Bought 3 scrolls of teleportation for 108 gold pieces
 28145 | Snake:3  | Bought a scroll of teleportation for 36 gold pieces
 28254 | Snake:4  | Entered Level 4 of the Snake Pit
 29170 | Snake:4  | Reached XP level 18. HP: 75/126 MP: 7/18
 29200 | Snake:4  | Received a gift from Trog
 29404 | Snake:4  | Found an iron altar of Okawaru.
 29438 | Snake:4  | Got a serpentine rune of Zot
 30376 | Vaults:1 | Entered Level 1 of the Vaults
 30644 | Vaults:1 | Reached skill level 19 in Fighting
 31062 | Vaults:1 | Found a flickering gateway to a bazaar.
 31342 | Vaults:1 | Received a gift from Trog
 31478 | Bazaar   | Entered a bazaar
 31478 | Bazaar   | Found Doimohor's Jewellery Emporium.
 31478 | Bazaar   | Found Ennuqu's Book Shoppe.
 31504 | Bazaar   | Found Juset's Distillery.
 31510 | Bazaar   | Found Usihigoa's Armour Boutique.
 31525 | Bazaar   | Found Cehysuna's Antique Weapon Shoppe.
 31683 | Bazaar   | Bought the amulet of Unuasyloe {Spirit Regen+ Int-3 Dex+3}
                  | for 555 gold pieces
 32445 | Vaults:2 | Upgraded the game from 0.32-a0-534-ga61f84b8bd to
                  | 0.32-a0-572-g3e1049bc92
 32507 | Vaults:2 | Reached XP level 19. HP: 133/133 MP: 16/19
 32850 | Vaults:2 | Received a gift from Trog
 33032 | Vaults:2 | Reached skill level 20 in Fighting
 33074 | Vaults:2 | Found Ihoorch's Jewellery Emporium.
 33613 | Vaults:2 | Received a gift from Trog
 34258 | Vaults:3 | Found a staircase to the Crypt.
 34451 | Vaults:3 | Reached skill level 15 in Armour
 34694 | Vaults:3 | Received a gift from Trog
 34837 | Vaults:3 | Reached XP level 20. HP: 142/142 MP: 18/20
 35744 | Vaults:4 | Reached skill level 21 in Fighting
 36726 | Vaults:5 | Entered Level 5 of the Vaults
 36736 | Vaults:4 | Received a gift from Trog
 37111 | Vaults:4 | Reached XP level 21. HP: 104/149 MP: 11/21
 37543 | Vaults:5 | Identified the +6 orcbow of Punishment {drain, rElec rC+
                  | Int+3}
 37593 | Vaults:5 | Noticed a golden dragon
 37601 | Vaults:5 | Killed a golden dragon
 37631 | Vaults:5 | Identified the +10 double sword of the Undead {flame,
                  | Dex+4} (Trog gifted it to you on level 5 of the Vaults)
 37631 | Vaults:5 | Received a gift from Trog
 37759 | Vaults:5 | Identified the +8 sling "Transmigrator" {heavy, rF- rN+
                  | Str+3 Int+2}
 37779 | Vaults:5 | Noticed a dread lich
 37796 | Vaults:5 | Killed a dread lich
 37852 | Vaults:5 | Reached skill level 22 in Fighting
 37883 | Vaults:5 | Noticed Margery
 37896 | Vaults:5 | Killed Margery
 38018 | Vaults:5 | Noticed a dread lich
 38035 | Vaults:5 | Noticed an ancient lich
 38046 | Vaults:5 | Killed a dread lich
 38054 | Vaults:5 | Killed an ancient lich
 38418 | Vaults:5 | Identified the +8 plate armour "Beuza" {Str+4}
 38433 | Vaults:5 | Got a silver rune of Zot
 38441 | Vaults:5 | Identified the amulet of the Sun {Faith rC- rN+ rCorr}
 38575 | Vaults:5 | Identified the staff of Cowardice {rF+ rN+ Str-3 Int+5
                  | Fire}
 38629 | Vaults:5 | Identified the orb of Zoef {*channel, rC+ Str+4 Summ}
 39008 | Vaults:5 | Found Ciacven's Magic Scroll Emporium.
 39023 | Vaults:5 | Bought a scroll of enchant armour for 105 gold pieces
 39023 | Vaults:5 | Acquired 422 gold pieces
 39530 | Swamp:1  | Entered Level 1 of the Swamp
 40154 | Swamp:2  | Reached XP level 22. HP: 152/158 MP: 22/22
 41130 | Swamp:3  | Received a gift from Trog
 41382 | Swamp:4  | Entered Level 4 of the Swamp
 41480 | Swamp:4  | Identified the serpent talisman of Gluttony {*Slow rF+++
                  | rN+ SInv}
 41480 | Swamp:4  | Noticed Aizul
 41501 | Swamp:4  | Killed Aizul
 41653 | Swamp:4  | Got a decaying rune of Zot
 41955 | Swamp:4  | Found a transporter.
 41961 | Swamp:4  | Found a bloodstained altar of Trog.
 41961 | Swamp:4  | Noticed Amplified's ghost (adept MDMo)
 41964 | Swamp:4  | Found a transporter.
 41978 | Swamp:4  | Reached skill level 23 in Fighting
 42029 | Swamp:4  | Killed Amplified's ghost
 42696 | Crypt:1  | Entered Level 1 of the Crypt
 42773 | Crypt:1  | Identified the +3 robe of True Grit {rPois Dex+2}
 42773 | Crypt:1  | Noticed Boris
 42778 | Crypt:1  | Received a gift from Trog
 42802 | Crypt:1  | Killed Boris
 43612 | Crypt:1  | Found a basalt altar of Yredelemnul.
 44214 | Crypt:2  | Reached XP level 23. HP: 157/165 MP: 7/23
 44250 | Crypt:2  | Identified the +6 hand axe of Gin and Tonic {antimagic,
                  | +Blink Dex+3} (Trog gifted it to you on level 2 of the
                  | Crypt)
 44250 | Crypt:2  | Received a gift from Trog
 44288 | Crypt:2  | Found an ancient bone altar of Kikubaaqudgha.
 44433 | Crypt:3  | Entered Level 3 of the Crypt
 44576 | Crypt:3  | Found a staircase to the Tomb.
 44873 | Crypt:3  | Found a basalt altar of Yredelemnul.
 45012 | Crypt:3  | Received a gift from Trog
 45063 | Crypt:3  | Identified the staff of the Final Decision {^Drain rN+
                  | Int+5 Necro}
 45063 | Crypt:3  | Identified the death talisman of Death's Door {rCorr Str-2
                  | Int+5 Stlth+}
 45274 | Crypt:3  | Identified the +0 chain mail "Teme Oh Kaog" {Rampage rPois}
 45498 | Crypt:3  | Reached skill level 24 in Fighting
 45833 | Tomb:1   | Entered Level 1 of the Tomb of the Ancients
 45975 | Tomb:1   | Received a gift from Trog
 45983 | Tomb:1   | Noticed a royal mummy
 45983 | Tomb:1   | Noticed a royal mummy
 46101 | Tomb:1   | Noticed a royal mummy
 46127 | Tomb:1   | Killed a royal mummy
 46448 | Tomb:1   | Killed a royal mummy
 46495 | Tomb:1   | Killed a royal mummy
 46676 | Tomb:1   | Identified the +9 halberd of Subjectivity {elec, rPois
                  | Int+3}
 46967 | Tomb:2   | Noticed a royal mummy
 46968 | Tomb:2   | Noticed a royal mummy
 46968 | Tomb:2   | Noticed a royal mummy
 46968 | Tomb:2   | Noticed a royal mummy
 46975 | Tomb:2   | Reached XP level 24. HP: 125/174 MP: 4/23
 46986 | Tomb:2   | Identified the +4 robe of Gentehesm {Rampage Str+2}
 46986 | Tomb:2   | Noticed Boris
 46991 | Tomb:2   | Killed a royal mummy
 46996 | Tomb:2   | Killed a royal mummy
 47000 | Tomb:2   | Killed a royal mummy
 47006 | Tomb:2   | HP: 11/258 [Boris] (6)]
 47007 | Tomb:2   | HP: 5/258 [Boris] (7)]
 47008 | Tomb:2   | Killed a royal mummy
 47008 | Tomb:2   | Engulfed by Boris's excruciating misery

Illustrated notes

Levels and vault maps discovered:
D:1:      psy_arrival_basics, layout_loops_ring,
          shapermc_ecumenical_altar_mp_urbaneastern
D:2:      minmay_inner_zag, layout_basic, minmay_lizard_pond
D:3:      minmay_general_purpose_star, layout_basic, serial_bayou,
          serial_bayou_lagoon_b, serial_bayou_pond_a, serial_bayou_pond_b,
          serial_bayou_lagoon_a, serial_bayou_crossing, serial_bayou_lake_a,
          serial_shops, nicolae_shop_trees, minmay_pentomino_pile
D:4:      lemuel_castle_with_subvaults [lemuel_castle_interior_carwin_2],
          layout_cave_pools, fedhas_altar_3
D:5:      layout_basic
D:6:      layout_loops_ring, nzn_wu_jian_contemplation,
          minmay_temple_entry_wispy, minmay_manual_moon, uniq_edmund
D:7:      layout_basic, kennysheep_orc_sif_temple, okawaru_metal_pillars_1_2,
          nicolae_ru_the_path_less_chosen
D:8:      layout_basic, lemuel_tele_altar, kennysheep_mini_moat,
          erik_lair_orcish_takeover, serial_shops,
          nicolae_shop_tiny_statue_garden, gammafunk_ghost_hydra_chop,
          uniq_psyche
D:9:      minmay_the_grid_3x2 [minmay_the_grid_minigrid_small,
          minmay_the_grid_expand, minmay_the_grid_dragon_b,
          minmay_the_grid_outer_circle, minmay_the_grid_small_cups,
          minmay_the_grid_prize_four_corners_diamond_a], layout_loops_ring,
          david_orc_4, serial_shops, shop, centaur_isle, uniq_pikel
D:10:     layout_basic, nicolae_hepliaklqana_monster_ancestors,
          gammafunk_ghost_icy, serial_shops, nicolae_shop_advertising_works
          [nicolae_subvault_shop_adworks]
D:11:     nzn_winding_woodlands_small [nzn_winding_woodlands_5x15_longhouse,
          nzn_winding_woodlands_center_diamonds,
          nzn_winding_woodlands_5x15_split_checker], layout_long_grid,
          kennysheep_another_room, minivault_11
D:12:     layout_loops_ring, kennysheep_crisscross, uniq_urug
D:13:     layout_gridville
D:14:     layout_rooms, hellmonk_vaults_order_and_chaos,
          dreamdust_princess_corridor, minmay_hedge_maze,
          nicolae_twisty_statue_hallways, uniq_jorgrun, uniq_louise
D:15:     hangedman_depths_entry_civil_slaughter, layout_stronghold,
          minivault_23
Lair:1:   layout_cave_pods, serial_bayou_pond_b, lemuel_fruit_fields
Lair:2:   lemuel_reptile_caves, layout_regular_city,
          mainiacjoe_swamp_entry_lozenge_pond, minmay_snake_entry_spellcaster,
          beast_lair_carwin_11, grunt_megastairs_4
Lair:3:   layout_small_grid, nzn_random_ring, uniq_gastronok, uniq_fannar,
          uniq_prince_ribbit2, uniq_rupert, uniq_nergalle
Lair:4:   layout_layer_cave, slime_entry_2
Lair:5:   minmay_lair_end_enchanted_forest, layout_regular_city, basic_altar,
          grunt_forest_large_clearing_hut, lemuel_fruit_tree,
          infiniplex_staircase_pool_2
Swamp:1:  layout_basic_swamp, evilmike_swamp_ruin_house_3
Swamp:2:  layout_basic_swamp, evilmike_swamp_ruin_rubble_1,
          nicolae_swamp_decorative_isthmus, infiniplex_staircase_pool,
          nicolae_swamp_long_stream
Swamp:3:  layout_basic_swamp, nicolae_swamp_bean_lake
Swamp:4:  swamp_alternative, layout_basic_swamp,
          gammafunk_ghost_wrathful_warriors, swamp_pool_3, uniq_aizul
Snake:1:  layout_basic, minmay_shop_grove
Snake:2:  layout_chambers, nicolae_snake_gridmaze_spiral, grunt_ministairs_2
Snake:3:  layout_onion, serial_shops, nicolae_lakefront_shop,
          nicolae_shop_stone, shop_fountains, nicolae_shop_real_fake_doors,
          nicolae_snake_mages_go_home, grunt_megastairs_3, minmay_shop_star
Snake:4:  grunt_snake_rune_serpentine_throne, layout_cave_town, st_stairs_10,
          nrook_loot_triangle, drop_trap, nicolae_zig_zag_zippers
Vaults:1: v_alt_pattern_5, nicolae_vaults_apartment_1, nicolae_vaults_cochlea,
          ontoclasm_vaults_ring_small, nicolae_vaults_storage_closets_2,
          v_misc_26, nicolae_vaults_closet_pinwheel_4, layout_vaults_quadrants,
          serial_shops, freezing_bzr
Vaults:2: grunt_vaults_focal, nicolae_vaults_trapezoid_lopsided_1,
          nicolae_vaults_big_ls, hangedman_vaults_hat,
          nicolae_vaults_crenellated_ambush, v_misc_11,
          nicolae_vaults_offset_grid_hallway_1, nicolae_vaults_network_s,
          vaults_room_door_ring, nicolae_vaults_house_2, vaults_room_semicircle,
          vaults_room_mumra_shop_pool, nicolae_vaults_surprise_closet,
          layout_vaults_omnicross
Vaults:3: ontoclasm_vaults_loading_screen, nicolae_vaults_offset_grid_hallway_2,
          nicolae_vaults_quadrants, nicolae_vaults_storage_closets_1,
          nicolae_vaults_little_squares_1, nicolae_vaults_tangram_2,
          v_pattern_2, vaults_room_corners, vaults_room_grid,
          minmay_crypt_entry_simple_sparse, nicolae_vaults_two_Ls,
          nicolae_vaults_theta, layout_vaults_chaotic_city
Vaults:4: nicolae_vaults_shrinking_rooms_2, v_misc_19, vaults_dpeg_ring,
          dpeg_vaults_monster_box, vaults_dpeg_hooks, ontoclasm_vaults_gallery,
          grunt_vaults_trifunnel, hangedman_vaults_capsules,
          vaults_mumra_minichess_inversion, nicolae_vaults_network_quinsquares
          [nicolae_vaults_network_quincunx_subvault,
          nicolae_vaults_network_quincunx_subvault,
          nicolae_vaults_network_quincunx_subvault,
          nicolae_vaults_network_quincunx_subvault], vaults_room_pools,
          nicolae_vaults_apartment_1, layout_vaults_ring
Vaults:5: uniq_margery
Crypt:1:  layout_rooms, minmay_misc_feat_hallway, lemuel_upstairs_altar,
          uniq_boris
Crypt:2:  layout_basic, lemuel_mausoleum_altar_kikubaaqudgha
Crypt:3:  church_of_pain_bobbens, layout_chaotic_city,
          nicolae_tomb_entry_rubble_hallway, st_stairs_8
Tomb:1
Tomb:2

Skill      XL: |  1  2  3  4  5  6  7  8  9 10 11 12 13 14 15 16 17 18 19 20 21 22 23 |
---------------+----------------------------------------------------------------------+-----
Axes           | 3 4 5 7 8 9 10 12 14 15 16 17 18 19 20 21 22 | 22.6
Fighting       | 4 5 7 9 10 12 13 15 16 17 18 19 20 21 22 23 24 | 24.4
Dodging        | 2 3 4 5 6 7 |  7.4
Armour         | 3 4 6 7 8 9 10 11 12 13 14 15 16 17 | 17.0
Shields        | 1 3 5 6 7 9 10 11 12 13 14 16 17 19 20 21 22 23 | 23.9
Stealth        | 1 2 3 |  3.7
Short Blades   | 1 2 |  2.8
Throwing       | |  0.2

Action                     |  1- 3 |  4- 6 |  7- 9 | 10-12 | 13-15 | 16-18 | 19-21 | 22-24 || total
---------------------------+-------+-------+-------+-------+-------+-------+-------+-------++-------
  Melee: Hand axe          |    91 |   162 |   311 |   273 |       |       |       |    71 ||   908
         Headbutt          |       |    12 |    61 |     8 |       |       |       |       ||    81
         Short sword       |       |       |       |     7 |    62 |     9 |       |       ||    78
         Broad axe         |       |       |       |   265 |  1052 |  1196 |  1242 |  1452 ||  5207
  Throw: Dart              |       |       |       |     5 |     1 |       |       |     1 ||     7
 Invoke: Berserk           |       |     2 |     7 |    12 |    20 |     9 |    15 |    16 ||    81
         Trog's Hand       |       |       |     2 |     4 |     3 |     3 |     4 |     6 ||    22
         Brothers in Arms  |       |       |     2 |       |     2 |     1 |     7 |     4 ||    16
  Evoke: Wand              |       |       |       |       |       |       |     1 |       ||     1
    Use: Scroll            |     4 |     7 |     2 |     9 |    15 |     7 |     6 |     3 ||    53
         Potion            |       |     1 |       |     2 |     2 |     1 |       |     3 ||     9
   Stab: Sleeping          |     2 |       |       |       |       |       |       |       ||     2
         Petrified         |       |       |       |     1 |       |       |       |       ||     1
         Distracted        |       |       |       |       |     1 |       |     3 |     1 ||     5
 Armour: Animal skin       |    57 |     2 |       |       |       |       |       |       ||    59
         Chain mail        |       |   170 |   263 |   585 |  1001 |   503 |       |       ||  2522
         Plate armour      |       |       |       |       |       |   668 |   904 |  1005 ||  2577
  Dodge: Dodged            |    59 |    90 |   107 |   214 |   471 |   501 |   539 |   709 ||  2690
         Repelled          |     3 |     1 |     1 |     6 |     4 |    40 |       |       ||    55
  Block: Kite shield       |       |    92 |   158 |   352 |   847 |  1142 |  1083 |  1452 ||  5126

Table legend: (Time is in decaauts)
 A = Elapsed time spent in this place.
 B = Non-inter-level travel time spent in this place.
 C = Inter-level travel time spent in this place.
 D = Time resting spent in this place.
 E = Time spent auto-exploring this place.
 F = Levels seen in this place.
 G = Mean time per level.
                   A        B        C        D        E       F      G
               +--------+--------+--------+--------+--------+-----+--------+
         Total |  46784 |  44154 |   2630 |   5007 |  26841 |  39 | 1199.6 |
       Dungeon |  16217 |  14918 |   1299 |    519 |  10734 |  15 | 1081.1 |
          Lair |   8700 |   8256 |    444 |   1867 |   4476 |   5 | 1740.0 |
         Swamp |   2735 |   2668 |     67 |    256 |   1435 |   4 |  683.8 |
     Snake Pit |   6308 |   6101 |    207 |    829 |   3845 |   4 | 1577.0 |
        Vaults |   8537 |   8138 |    399 |   1248 |   4478 |   5 | 1707.4 |
         Crypt |   2926 |   2716 |    210 |     73 |   1442 |   3 |  975.3 |
          Tomb |   1140 |   1140 |      0 |    212 |    379 |   2 |  570.0 |
        Bazaar |    217 |    217 |      0 |      0 |     51 |   1 |  217.0 |
               +--------+--------+--------+--------+--------+-----+--------+

Top non-repeatable levels by time:
  Lair:2: 2201 daAuts
  Lair:5: 2117 daAuts
Vaults:4: 2090 daAuts
Vaults:1: 1797 daAuts
 Snake:4: 1785 daAuts
 Snake:3: 1757 daAuts
 Snake:2: 1752 daAuts
Vaults:3: 1728 daAuts
  Lair:3: 1699 daAuts
  Lair:1: 1575 daAuts
Vaults:5: 1559 daAuts
     D:9: 1530 daAuts
     D:8: 1369 daAuts
Vaults:2: 1361 daAuts
 Crypt:3: 1243 daAuts
